 Dungeon Crawl Stone Soup version 0.27.1-33-g824d729ab1 (webtiles) character file.

Game seed: 6967699989960797754

166 lonewolfV2 the Skirmisher (level 5, 0/57 HPs)
             Began as an Ogre Fighter on Dec 15, 2021.
             Killed by nerve-wracking pain
             ... invoked by an orc priest
              (5 damage)
             ... on level 3 of the Dungeon.
             The game lasted 00:04:02 (3371 turns).

lonewolfV2 the Skirmisher (Ogre Fighter)            Turns: 3371, Time: 00:04:04

Health: 0/57       AC:  3    Str: 21    XL:     5   Next: 47%
Magic:  5/5        EV: 10    Int:  9    God:
Gold:   95         SH:  0    Dex:  8    Spells: 4/4 levels left

rFire    . . .     SeeInvis .   j - +2 quarterstaff (chaos)
rCold    . . .     Faith    .   (shield currently unavailable)
rNeg     . . .     Spirit   .   b - +0 robe
rPois    +         Reflect  .   (helmet restricted)
rElec    .         Harm     .   (no cloak)
rCorr    .         Rampage  .   (gloves unavailable)
Will     .....                  (boots unavailable)
Stlth    +.........             (no amulet)
HPRegen  0.19/turn              f - ring of poison resistance
MPRegen  0.09/turn              (no ring)

@: no status effects
A: large, unfitting armour, tough skin 1
a: no special abilities


You were on level 3 of the Dungeon.
You visited 1 branch of the dungeon, and saw 3 of its levels.

You collected 95 gold pieces.

Inventory:

Hand Weapons
 a - a +0 war axe
 j - a +2 quarterstaff of chaos (weapon)
Armour
 b - a +0 robe (worn)
 c - a +0 kite shield
Jewellery
 f - a ring of poison resistance (left hand)
Scrolls
 g - 2 scrolls of identify
 i - a scroll of noise {unknown}
Potions
 d - a potion of might
 e - 3 potions of lignification {unknown}
 h - a potion of flight {unknown}


   Skills:
 + Level 5.0 Fighting
 + Level 3.6 Axes
 + Level 3.4 Dodging
 + Level 0.1 Stealth
 + Level 3.4 Shields


You had 4 spell levels left.
You didn't know any spells.
Your spell library contained the following spells:

 Spells                   Type           Power      Damage    Failure   Level
 Petrify                  Tmut/Erth      0%         N/A       99%         4
 Metabolic Englaciation   Hex/Ice        0%         N/A       100%        5
 Statue Form              Tmut/Erth      0%         N/A       100%        6


Dungeon Overview and Level Annotations

Branches:
Dungeon (3/15)

Altars:


Innate Abilities, Weirdness & Mutations

You are too large for most types of armour.
You have tough skin. (AC +1)


Message History

The orc priest hits you but does no damage.
The orc hits you with a +0 club.
You hit the orc but do no damage.
The orc is moderately wounded.
A giant cockroach comes into view.
The orc priest barely misses you. The orc hits you but does no damage.
The orc priest hits you with a +0 short sword.
You closely miss the orc.
The orc is moderately wounded.
The orc hits you but does no damage.
The orc priest begins to cast a cantrip, but forgets the words!
You completely miss the orc.
The orc is lightly wounded.
The orc barely misses you.
The orc priest hits you with a +0 short sword.
The orc barely misses you.
You sock the orc!
You kill the orc!
The orc priest hits you with a +0 short sword.
A kobold comes into view. It is wielding a +0 dagger.
The orc priest barely misses you.
You barely miss the orc priest. The orc priest hits you with a +0 mace.
The orc priest barely misses you. The orc priest hits you with a +0 mace!
* * * LOW HITPOINT WARNING * * *
You barely miss the orc priest.
The orc priest hits you with a +0 short sword.
* * * LOW HITPOINT WARNING * * *
The orc priest closely misses you.
You closely miss the orc priest.
The orc priest hits you with a +0 short sword.
* * * LOW HITPOINT WARNING * * *
The orc priest closely misses you.
You barely miss the orc priest.
The orc priest looks braver for a moment.
The orc priest hits you with a +0 mace.
* * * LOW HITPOINT WARNING * * *
An endoplasm comes into view.
The orc priest calls down the wrath of Beogh upon you.
Pain shoots through your body!
You die...

##.'..........
+..###.#
...###'###.###
#...##.# ...#
#.# #.#
#.#.##.# .#.#
#.# #.#
#.#.##.# ##.#
#.. #......#
#.# ###
#....### #.#
#..#.# #.#
#+#######.##.#
.....Bo@..##.#
.####Ko#####.#
## ..... #.#
.# #.J#### #.#
## #. ..# # #
#


You could see 2 orc priests, an endoplasm (wandering), a giant cockroach and a
kobold.

Vanquished Creatures
  Crazy Yiuf (D:2)
  Natasha (thrice) (D:2)
  2 worms (D:2)
  4 dart slugs
  An orc (D:3)
  4 bats
  An endoplasm (D:2)
  A giant cockroach (D:2)
  5 goblins
  4 hobgoblins
  9 kobolds
  A quokka (D:1)
  8 ball pythons
  3 frilled lizards (D:1)
  11 rats
58 creatures vanquished.

Notes
Turn   | Place    | Note
-------+----------+-------------------------------------------
     0 | D:1      | lonewolfV2 the Ogre Fighter began the quest for the Orb.
     0 | D:1      | Reached XP level 1. HP: 24/24 MP: 1/1
   217 | D:1      | Reached XP level 2. HP: 27/32 MP: 2/2
   808 | D:1      | Reached XP level 3. HP: 27/40 MP: 3/3
  1591 | D:2      | Noticed Natasha
  1611 | D:2      | Killed Natasha
  1612 | D:2      | Reached XP level 4. HP: 8/49 MP: 4/4
  1932 | D:2      | Noticed Natasha
  1942 | D:2      | Killed Natasha
  2181 | D:2      | Found a runed translucent door.
  2182 | D:2      | Noticed Crazy Yiuf
  2470 | D:2      | Found a faded altar of an unknown god.
  2586 | D:2      | Noticed Natasha
  2600 | D:2      | Killed Natasha
  2601 | D:2      | Reached XP level 5. HP: 20/55 MP: 5/5
  3004 | D:2      | Killed Crazy Yiuf
  3210 | D:3      | Reached skill level 5 in Fighting
  3371 | D:3      | Killed from afar by an orc priest

Illustrated notes

Levels and vault maps discovered:
D:1:      elethiomel_arrival_infinity_welcomes_careful_drivers, layout_basic,
          st_stairs_5, minmay_tripent
D:2:      layout_basic, basic_ecumenical_altar, uniq_crazy_yiuf_cottage,
          uniq_natasha
D:3:      layout_loops_cross, nicolae_gozag_cash_rules_everything_around_me,
          serial_shops, shop, minmay_door_square, minmay_cut_off

Skill      XL: |  1  2  3  4  5 |
---------------+----------------+-----
Dodging        | 3 |  3.4
Shields        | 3 |  3.4
Axes           | 3 |  3.6
Fighting       | 5 |  5.0
Stealth        | |  0.1

Action                   |  1- 3 |  4- 6 || total
-------------------------+-------+-------++-------
Melee: War axe           |   100 |    44 ||   144
       Quarterstaff      |       |    16 ||    16
  Use: Potion            |     2 |       ||     2
       Scroll            |     1 |       ||     1
Armor: Robe              |    54 |    16 ||    70
Dodge: Dodged            |    48 |    26 ||    74
Block: Kite shield       |    56 |    28 ||    84
